 Dungeon Crawl Stone Soup version 0.31-a0-765-g67fe2935dc (webtiles) character file.

Game seed: 4047186286032653602

183 pokeman the Magician (level 5, -1/29 HPs)
             Began as a Deep Elf Hedge Wizard on Sept 15, 2023.
             Slain by a sleepcap (16 damage)
             ... on level 3 of the Dungeon.
             The game lasted 00:05:28 (2802 turns).

pokeman the Magician (Deep Elf Hedge Wizard)        Turns: 2802, Time: 00:05:29

Health: -1/29      AC:  3    Str:  7    XL:     5   Next: 35%
Magic:  6/15       EV:  2    Int: 21    God:
Gold:   94         SH:  0    Dex: 14    Spells: 8/16 levels left

rFire   . . .        l - +2 club (spect)
rCold   . . .        (no shield)
rNeg    . . .        b - +0 robe
rPois   .            k - +0 helmet
rElec   .            (no cloak)
rCorr   .            (no gloves)
SInv    .            (no boots)
Will    .....        (no amulet)
Stlth   ++           (no ring)
HPRegen 0.24/turn    (no ring)
MPRegen 0.14/turn

%: no passive effects
@: sleeping
A: no striking features
a: no special abilities


You were on level 3 of the Dungeon.
You visited 1 branch of the dungeon, and saw 3 of its levels.

You collected 94 gold pieces.

Inventory:

Hand Weapons
 c - a +0 dagger of venom
 j - a +1 spear of pain
 l - a +2 spectral club (weapon)
Missiles
 f - 3 poisoned darts
Armour
 b - a +0 robe (worn)
 k - a +0 helmet (worn)
 m - a +2 buckler
Scrolls
 e - a scroll of fear {unknown}
 g - a scroll of revelation {unknown}
 h - 6 scrolls of identify {unknown}
Potions
 a - a potion of haste {unknown}
 d - a potion of magic
 i - a potion of enlightenment {unknown}


   Skills:
 - Level 1.0 Fighting
 - Level 1.2 Armour
 - Level 3.0 Dodging
 - Level 3.0 Stealth
 + Level 0.0 Shields
 * Level 6.2 Spellcasting
 + Level 2.7 Conjurations
 - Level 1.1 Summonings
 - Level 1.1 Translocations
 + Level 0.7 Poison Magic


You had 8 spell levels left.
You knew the following spells:

 Your Spells              Type           Power      Damage    Failure   Level
a - Magic Dart            Conj           72%        1d6       3%          1
b - Mephitic Cloud        Conj/Pois/Air  11%        N/A       19%         3
c - Call Imp              Summ           22%        N/A       10%         2
d - Blink                 Tloc           22%        N/A       10%         2

Your spell library contained the following spells:

 Spells                   Type           Power      Damage    Failure   Level
 Slow                     Hex            24%        N/A       10%         1
 Poisonous Vapours        Pois/Air       16%        N/A       12%         2
 Cigotuvi's Dreadful Rot  Necr/Pois/Air  14%        N/A       13%         2
 Sublimation of Blood     Necr           6%         N/A       14%         2
 Wereblood                Tmut           6%         N/A       14%         2
 Freezing Cloud           Conj/Ice/Air   5%         6-21      88%         5
 Summon Hydra             Summ           5%         N/A       100%        7


Dungeon Overview and Level Annotations

Branches:
Dungeon (3/15)

Altars:

Shops:
D:2 [


Message History

The sleepcap is lightly damaged.
Casting: Magic Dart (safe; 3% risk of failure)
Confirm with . or Enter, or press ? or * to list all spells.
Aiming: Magic Dart (safe; 3% risk of failure)
Press: ? - help, Shift-Dir - straight line, f/p - sleepcap
Aim: a sleepcap (lightly damaged, 100% to hit)
The magic dart hits the sleepcap.
The sleepcap is lightly damaged.
Casting: Magic Dart (safe; 3% risk of failure)
Confirm with . or Enter, or press ? or * to list all spells.
Aiming: Magic Dart (safe; 3% risk of failure)
Press: ? - help, Shift-Dir - straight line, f/p - sleepcap
Aim: a sleepcap (lightly damaged, 100% to hit)
The magic dart hits the sleepcap but does no damage.
The sleepcap is lightly damaged.
Casting: Magic Dart (safe; 3% risk of failure)
Confirm with . or Enter, or press ? or * to list all spells.
Aiming: Magic Dart (safe; 3% risk of failure)
Press: ? - help, Shift-Dir - straight line, f/p - sleepcap
Aim: a sleepcap (lightly damaged, 100% to hit)
The magic dart hits the sleepcap but does no damage.
The sleepcap is lightly damaged.
You hit the sleepcap.
The sleepcap is moderately damaged.
Your +2 spectral club hits the sleepcap.
The sleepcap releases spores at you.
You hit the sleepcap but do no damage.
The sleepcap is moderately damaged.
Your +2 spectral club hits the sleepcap.
The sleepcap releases spores at you!
You hit the sleepcap.
The sleepcap is heavily damaged.
Your +2 spectral club hits the sleepcap but does no damage.
The sleepcap releases spores at you.
You are engulfed in a cloud of soporific spores!
You fall asleep.
Your +2 spectral club disappears.
The sleepcap releases spores at you!
Ouch! That really hurt!
You die...

#.# #..##.## ..#
#..##.# .## #..##.#
. #..##.# ..
#..##.#######
#######............
..........####..###
#######.#### ..#
#.@........# .#
#f####..##.# # #.#
#.## # #.# #.# #.#
#.# #.# #.# ... #.#
>). #.. ...


You could see a sleepcap.

Vanquished Creatures
  Jessica (D:2)
  Terence (D:2)
  Robin (D:2)
  5 adders
  A worm (D:2)
  2 dart slugs
  2 orcs (D:3)
  4 endoplasms
  2 giant cockroaches
  15 goblins
  9 hobgoblins
  4 jackals (D:1)
  3 kobolds
  4 quokkas
  4 ball pythons
  A bat (D:2)
  A frilled lizard (D:3)
  A rat (D:1)
61 creatures vanquished.

Notes
Turn   | Place    | Note
-------+----------+-------------------------------------------
     0 | D:1      | pokeman the Deep Elf Hedge Wizard began the quest for the
                  | Orb.
     0 | D:1      | Reached XP level 1. HP: 10/10 MP: 7/7
   263 | D:1      | Reached XP level 2. HP: 16/16 MP: 7/9
  1034 | D:1      | Reached skill level 5 in Spellcasting
  1312 | D:2      | Reached XP level 3. HP: 10/20 MP: 1/11
  1316 | D:2      | Learned a level 3 spell: Mephitic Cloud
  1319 | D:2      | Learned a level 2 spell: Call Imp
  1322 | D:2      | Learned a level 2 spell: Blink
  1486 | D:2      | Noticed Robin
  1497 | D:2      | Reached skill level 1 in Fighting
  1500 | D:2      | Reached skill level 1 in Armour
  1505 | D:2      | Noticed Terence
  1634 | D:2      | Reached XP level 4. HP: 10/25 MP: 4/13
  1699 | D:2      | Killed Robin
  1700 | D:2      | Found Taot's Antique Armour Boutique.
  1859 | D:2      | Killed Terence
  2146 | D:2      | Noticed Jessica
  2150 | D:2      | Killed Jessica
  2151 | D:2      | Reached skill level 6 in Spellcasting
  2151 | D:2      | Reached XP level 5. HP: 29/29 MP: 9/15
  2802 | D:3      | Slain by a sleepcap

Illustrated notes

Levels and vault maps discovered:
D:1:      lightli_arrival_chessboard, layout_basic
D:2:      layout_rooms, serial_shops, shop, chequers_serial_rivers_micro_b,
          uniq_jessica, uniq_robin, uniq_terence
D:3:      layout_loops_ring, st_stairs_11, lightli_corner_chamber, uniq_ijyb

Skill      XL: |  1  2  3  4  5 |
---------------+----------------+-----
Spellcasting   | 5 6 |  6.2
Fighting       | 1 |  1.0
Conjurations   | 2 |  2.7
Armour         | 1 |  1.2
Dodging        | 3 |  3.0
Stealth        | 3 |  3.0
Summonings     | |  1.1
Translocations | |  1.1
Poison Magic   | |  0.7

Action                     |  1- 3 |  4- 6 || total
---------------------------+-------+-------++-------
  Melee: Dagger            |    31 |     4 ||    35
         Spear             |    28 |    15 ||    43
         Club              |       |     3 ||     3
   Cast: Magic Dart        |    78 |    69 ||   147
         Mephitic Cloud    |     4 |     3 ||     7
         Call Imp          |       |     1 ||     1
   Stab: Confused          |     4 |     3 ||     7
 Armour: Robe              |    34 |    14 ||    48
  Dodge: Dodged            |    44 |    10 ||    54

Table legend: (Time is in decaauts)
 A = Elapsed time spent in this place.
 B = Non-inter-level travel time spent in this place.
 C = Inter-level travel time spent in this place.
 D = Time resting spent in this place.
 E = Time spent auto-exploring this place.
 F = Levels seen in this place.
 G = Mean time per level.
                   A        B        C        D        E       F      G
               +--------+--------+--------+--------+--------+-----+--------+
         Total |   2806 |   2714 |     92 |     80 |   2217 |   3 |  935.3 |
       Dungeon |   2806 |   2714 |     92 |     80 |   2217 |   3 |  935.3 |
               +--------+--------+--------+--------+--------+-----+--------+

Top non-repeatable levels by time:
     D:1: 1348 daAuts
     D:2: 1207 daAuts
     D:3: 250 daAuts
